 Dungeon Crawl Stone Soup version 0.32-a0-900-g30fb1b0edc (webtiles) character file.

Game seed: 4647125289350265906

10268 Griffin23 the Carver (level 11, -3/99 HPs)
             Began as a Minotaur Fighter on Apr 5, 2024.
             Was a High Priest of Nemelex Xobeh.
             Slain by Snorg (5 damage)
             ... on level 10 of the Dungeon.
             The game lasted 00:18:33 (11197 turns).

Griffin23 the Carver (Minotaur Fighter)            Turns: 11197, Time: 00:18:34

Health: -3/99      AC: 17    Str: 31    XL:     11   Next: 33%
Magic:  15/15      EV:  7    Int:  5    God:    Nemelex Xobeh [*****.]
Gold:   284        SH: 11    Dex: 16    Spells: 10/10 levels left

rFire   . . .        a - +0 long sword
rCold   . . .        M - +0 kite shield
rNeg    . . .        y - +8 chain mail {ponderous}
rPois   .            (helmet restricted)
rElec   .            d - +0 cloak
rCorr   .            (no gloves)
SInv    .            (no boots)
Will    .....        K - amulet of regeneration Stlth
                     G - +6 ring of strength
HPRegen 1.16/turn    D - +6 ring of dexterity
MPRegen 0.14/turn

%: no passive effects
@: about to teleport, corroded, studying Axes, slow
A: horns 2, retaliatory headbutt
a: Renounce Religion, Draw Escape, Draw Destruction, Draw Summoning, Triple
Draw, Deal Four, Stack Five


You were on level 10 of the Dungeon.
You worshipped Nemelex Xobeh.
Nemelex Xobeh was extremely pleased with you.
You visited 1 branch of the dungeon, and saw 10 of its levels.

You collected 520 gold pieces.
You spent 236 gold pieces at shops.

Inventory:

Hand Weapons
 a - a +0 long sword (weapon)
Missiles
 r - 6 silver javelins (quivered)
 t - 8 boomerangs
Armour
 b - a +0 scale mail
 c - a +0 buckler
 d - a +0 cloak (worn)
 e - a +0 plate armour
 q - a +0 chain mail
 y - a +8 chain mail of ponderousness (worn)
 M - a +0 kite shield (worn)
Jewellery
 o - a ring of ice
 D - a +6 ring of dexterity (right hand)
 G - a +6 ring of strength (left hand)
 K - an amulet of regeneration (around neck)
Wands
 x - a wand of charming (10)
 z - a wand of quicksilver (2)
 N - a wand of warping (6)
 O - a wand of flame (7)
Scrolls
 f - 3 scrolls of enchant armour
 g - 2 scrolls of blinking
 h - 5 scrolls of teleportation
 k - 2 scrolls of revelation
 s - a scroll of fog {unknown}
 v - a scroll of brand weapon {unknown}
 w - a scroll of immolation
 A - a scroll of fear {unknown}
 B - 2 scrolls of enchant weapon
 C - a scroll of noise {unknown}
 F - a scroll of poison {unknown}
 L - a scroll of identify
Potions
 i - 2 potions of lignification
 j - a potion of degeneration
 l - 2 potions of ambrosia
 m - 4 potions of curing
 n - 2 potions of cancellation
 p - 2 potions of mutation
 u - 2 potions of resistance {unknown}
 E - a potion of magic
 H - a potion of enlightenment {unknown}
 I - a potion of haste {unknown}
 J - a potion of invisibility {unknown}


   Skills:
 + Level 9.8 Fighting
 * Level 12.8 Long Blades
 + Level 9.8 Armour
 - Level 9.0 Shields
 + Level 7.0 Invocations


You had 10 spell levels left.
You didn't know any spells.
Your spell library contained the following spells:

 Spells                   Type           Power      Damage    Failure   Level
 Freeze                   Ice            0%         1d3       95%         1
 Magic Dart               Conj           0%         1d3       95%         1
 Sandblast                Erth           0%         2d4       95%         1
 Blink                    Tloc           0%         N/A       99%         2
 Lesser Beckoning         Tloc           0%         N/A       99%         2
 Momentum Strike          Conj/Tloc      0%         3d8       99%         2
 Searing Ray              Conj           0%         2d4       99%         2
 Dazzling Flash           Conj/Hex       0%         N/A       100%        3
 Frozen Ramparts          Ice            0%         1d1       100%        3
 Hailstorm                Conj/Ice       0%         3d5       100%        3
 Maxwell's Portable Pile  Tloc           0%         2d(5-13)  100%        3
 Mephitic Cloud           Conj/Alch/Air  0%         N/A       100%        3
 Stone Arrow              Conj/Erth      0%         3d7       100%        3
 Teleport Other           Tloc           0%         N/A       100%        3
 Brom's Barrelling Bould  Conj/Erth      0%         2d3       100%        4
 Fulminant Prism          Conj/Alch      0%         3d5       100%        4
 Curse of Agony           Necr           0%         N/A       100%        5
 Silence                  Hex/Air        0%         N/A       100%        5


Dungeon Overview and Level Annotations

Branches:
Dungeon (10/15)            Temple (0/1) D:6            Lair (0/5) D:8
    Orc (0/2) D:10

Altars:
Nemelex Xobeh
Okawaru
Beogh

Shops:
D:2 [   D:5 *   D:9 =

Annotations:
D:8 1 runed translucent door, Squishy's ghost, novice MiBe
D:9 3 runed translucent doors, garrulousMonolith's ghost, novice MDFi
D:10 Snorg


Innate Abilities, Weirdness & Mutations

You have a pair of horns on your head.
You reflexively headbutt those who attack you in melee.


Message History

You hit Snorg. You headbutt Snorg.
Snorg is heavily wounded.
You block Snorg's attack. x2; Snorg claws you but does no damage.
You block the acid dragon's attack. The acid dragon barely misses you.
You hit Snorg but do no damage. You headbutt Snorg!
Snorg is severely wounded.
You block Snorg's attack. x2; Snorg barely misses you.
You block the acid dragon's attack. The acid dragon barely misses you.
Snorg bites you but does no damage. Snorg barely misses you. Snorg claws you!
You closely miss Snorg. Your headbutt misses Snorg.
Snorg is severely wounded.
Snorg bites you but does no damage. Snorg claws you! Snorg claws you.
You block the acid dragon's attack. The acid dragon claws you.
You slash Snorg! You headbutt Snorg!
Snorg is severely wounded.
Snorg barely misses you. You furiously retaliate!
You headbutt Snorg, but do no damage. Snorg claws you!
You block Snorg's attack. The acid dragon barely misses you.
You block the acid dragon's attack.
You hit Snorg. Your headbutt misses Snorg.
Snorg is almost dead.
Snorg bites you. Snorg claws you!
* * * LOW HITPOINT WARNING * * *
Snorg claws you!
* * * LOW HITPOINT WARNING * * *
You block Snorg's attack. Snorg claws you.
* * * LOW HITPOINT WARNING * * *
Snorg barely misses you.
The acid dragon bites you but does no damage.
The acid dragon claws you but does no damage.
You feel better. Snorg bites you but does no damage.
Snorg claws you but does no damage. You block Snorg's attack.
The acid dragon bites you but does no damage.
You block the acid dragon's attack.
As you read the scroll of teleportation, it crumbles to dust.
You feel strangely unstable.
You block Snorg's attack. x2; Snorg claws you!
* * * LOW HITPOINT WARNING * * *
You block Snorg's attack. Snorg claws you.
You die...
Your body disappears without a glow.

##.........##...##
............####
#........#.###
##>.......#...##
#..............#
.........#######
##.......#
..###.#.## #.#.@#
. ##DT# .. ##...
## #.... ......
...... ..... .....


You could see Snorg (berserk) and an acid dragon.

Vanquished Creatures
  A two-headed ogre (D:8)
  A skeletal warrior (D:8)
  Pikel (D:5)
  A troll (D:7)
  Prince Ribbit (D:8)
  Sigmund (D:5)
  A shadow (D:7)
  A wraith (D:10)
  19 yaks
  5 wyverns
  3 vampire mosquitoes (D:9)
  A basilisk (D:8)
  An acid dragon (D:8)
  3 water moccasins
  3 sky beasts (D:8)
  3 black bears
  An orc warrior (D:9)
  An ogre (D:6)
  4 centaurs
  A kobold brigand (D:9)
  A brain worm (D:6)
  A gnoll sergeant (D:5)
  A scorpion (D:8)
  4 bullfrogs
  3 wights (D:7)
  6 killer bees
  A lava snake (D:9)
  6 hounds
  3 jellies
  A sleepcap (D:5)
  Crazy Yiuf (D:4)
  A gnoll bouda (D:8)
  4 orc priests
  Jessica (D:2)
  Natasha (twice) (D:4)
  10 orc wizards
  4 iguanas
  Robin (D:2)
  2 adders (D:4)
  8 gnolls
  A shadow imp (D:6)
  2 white imps (D:6)
  2 ufetubi (D:5)
  3 ribbon worms (D:2)
  4 dart slugs
  24 orcs
  3 bats
  4 endoplasms
  2 giant cockroaches
  10 goblins
  6 hobgoblins
  4 jackals
  11 kobolds
  2 quokkas
  9 ball pythons
  4 frilled lizards
  5 rats
210 creatures vanquished.

Vanquished Creatures (collateral kills)
  2 yaks (D:8)
  An orc warrior (D:8)
  An orc (D:8)
4 creatures vanquished.

Grand Total: 214 creatures vanquished

Notes
Turn   | Place    | Note
-------+----------+-------------------------------------------
     0 | D:1      | Griffin23 the Minotaur Fighter began the quest for the Orb.
     0 | D:1      | Reached XP level 1. HP: 19/19 MP: 0/0
   234 | D:1      | Found a faded altar of an unknown god.
   395 | D:1      | Prayed at the altar of an unknown god.
   395 | D:1      | Became a worshipper of Nemelex Xobeh the Trickster
   395 | D:1      | Reached * piety under Nemelex Xobeh
   395 | D:1      | Received a gift from Nemelex Xobeh
   432 | D:1      | Reached XP level 2. HP: 27/27 MP: 1/1
  1065 | D:1      | Reached skill level 3 in Long Blades
  1110 | D:2      | Reached XP level 3. HP: 28/33 MP: 2/2
  1241 | D:2      | Noticed Jessica
  1247 | D:2      | Killed Jessica
  1427 | D:2      | Reached XP level 4. HP: 40/40 MP: 3/3
  1444 | D:2      | Found Tukadoy's Armour Boutique.
  1512 | D:2      | Found an iron altar of Okawaru.
  1614 | D:2      | Noticed Robin
  1623 | D:2      | Killed Robin
  1967 | D:3      | Reached skill level 4 in Long Blades
  1987 | D:3      | Reached ** piety under Nemelex Xobeh
  2134 | D:3      | Identified the +0 robe of Sidim {rElec Regen+}
  2675 | D:4      | Reached XP level 5. HP: 40/47 MP: 4/4
  2784 | D:4      | Reached *** piety under Nemelex Xobeh
  2784 | D:4      | Received a gift from Nemelex Xobeh
  2910 | D:4      | Reached skill level 1 in Invocations
  2980 | D:4      | Found a runed translucent door.
  2981 | D:4      | Noticed Crazy Yiuf
  3292 | D:4      | Noticed Natasha
  3295 | D:4      | Killed Natasha
  3439 | D:4      | Reached XP level 6. HP: 55/55 MP: 5/5
  3741 | D:4      | Noticed Natasha
  3749 | D:4      | Killed Natasha
  3831 | D:4      | Killed Crazy Yiuf
  3832 | D:4      | Reached skill level 5 in Long Blades
  3942 | D:5      | Entered Level 5 of the Dungeon
  3963 | D:5      | Reached skill level 5 in Armour
  3963 | D:5      | Reached skill level 5 in Shields
  3991 | D:5      | Noticed Pikel
  3997 | D:5      | Reached skill level 5 in Fighting
  4241 | D:5      | Killed Pikel
  4242 | D:5      | Reached skill level 6 in Long Blades
  4242 | D:5      | Reached XP level 7. HP: 17/62 MP: 7/7
  4428 | D:5      | Found Jedurr's Overcharged Wands.
  4654 | D:5      | Received a gift from Nemelex Xobeh
  4840 | D:5      | Noticed Sigmund
  4852 | D:5      | Killed Sigmund
  4853 | D:5      | Reached XP level 8. HP: 53/70 MP: 7/9
  5022 | D:5      | Reached skill level 7 in Long Blades
  5607 | D:6      | Reached **** piety under Nemelex Xobeh
  5791 | D:6      | Received a gift from Nemelex Xobeh
  5908 | D:6      | Found a staircase to the Ecumenical Temple.
  6036 | D:6      | Noticed Jeremiah
  6040 | D:6      | Jeremiah changed into Jeremiah the brain worm
  6040 | D:6      | Noticed Jeremiah
  6046 | D:6      | Killed Jeremiah the brain worm
  6218 | D:6      | Reached skill level 8 in Long Blades
  6646 | D:2      | Bought a +8 chain mail of ponderousness for 236 gold pieces
  6893 | D:7      | Reached XP level 9. HP: 45/78 MP: 9/11
  7081 | D:7      | Noticed Maurice
  7084 | D:7      | Maurice stole 6 silver javelins
  7089 | D:7      | Something stole 65 gold
  7095 | D:7      | Noticed Maurice
  7096 | D:7      | Killed Maurice the jackal
  7448 | D:7      | Reached skill level 9 in Long Blades
  8199 | D:8      | Found a staircase to the Lair.
  8233 | D:8      | Reached skill level 10 in Long Blades
  8233 | D:8      | Reached skill level 5 in Invocations
  8254 | D:8      | Reached XP level 10. HP: 43/88 MP: 12/12
  8609 | D:8      | Noticed a skeletal warrior
  8967 | D:8      | Killed a skeletal warrior
  8968 | D:8      | Reached skill level 11 in Long Blades
  9049 | D:8      | Noticed Prince Ribbit
  9070 | D:8      | Killed Prince Ribbit
  9114 | D:8      | Noticed a two-headed ogre
  9126 | D:8      | Killed a two-headed ogre
  9481 | D:8      | Found a runed translucent door.
  9482 | D:8      | Noticed Squishy's ghost (novice MiBe)
  9483 | D:8      | Identified the amulet of Fenemes {Acrobat rCorr Slay+5}
  9483 | D:8      | Noticed a centaur warrior
 10358 | D:9      | Received a gift from Nemelex Xobeh
 10461 | D:9      | Found a runed translucent gate.
 10462 | D:9      | Found a runed translucent gate.
 10463 | D:9      | Found a runed translucent gate.
 10465 | D:9      | Noticed garrulousMonolith's ghost (novice MDFi)
 10466 | D:9      | Identified the +0 chain mail "Tuor" {Str+3}
 10524 | D:9      | Reached skill level 12 in Long Blades
 10726 | D:9      | Reached XP level 11. HP: 97/97 MP: 14/14
 10794 | D:9      | Found Viucuev's Jewellery Emporium.
 10887 | D:9      | Found a roughly hewn altar of Beogh.
 10931 | D:10     | Entered Level 10 of the Dungeon
 10931 | D:10     | Reached ***** piety under Nemelex Xobeh
 11020 | D:10     | Found a staircase to the Orcish Mines.
 11180 | D:10     | Noticed Snorg
 11195 | D:10     | HP: 4/99 [Snorg (12)]
 11195 | D:10     | HP: 1/99 [Snorg (3)]
 11197 | D:10     | Slain by Snorg

Illustrated notes

Levels and vault maps discovered:
D:1:      minmay_arrival_up_and_down, layout_basic,
          chequers_ecumenical_altar_simple_redux, minmay_statues_item
D:2:      layout_loops_cross, basic_altar, serial_shops, shop, uniq_jessica,
          uniq_robin
D:3:      layout_basic
D:4:      layout_loops_corners, nicolae_houndstooth_variations, uniq_natasha,
          uniq_crazy_yiuf_cottage
D:5:      layout_loops_ring, nicolae_shop_overcharged_wands, uniq_pikel,
          uniq_sigmund
D:6:      layout_basic, minmay_temple_entry_glassed_door, uniq_jeremiah
D:7:      layout_cave_pools, kennysheep_generic_room_7, uniq_maurice
D:8:      layout_loops_ring, minmay_lair_entry_grove, ebering_ghost_inner_flame,
          minmay_manual_moon, uniq_prince_ribbit1
D:9:      layout_loops_ring, serial_shops, shop, biasface_ghost_orc_armoury,
          kennysheep_donut, nicolae_lava_and_water, st_stairs_8
D:10:     layout_rooms, nicolae_wu_jian_wuxing_cycle, orc_0_dummy, uniq_snorg

Skill      XL: |  1  2  3  4  5  6  7  8  9 10 11 |
---------------+----------------------------------+-----
Shields        | 4 5 6 8 9 |  9.0
Fighting       | 4 5 6 8 9 |  9.8
Armour         | 4 5 6 8 9 |  9.8
Long Blades    | 3 4 6 8 10 12 | 12.8
Invocations    | 1 2 4 5 6 7 |  7.0

Action                     |  1- 3 |  4- 6 |  7- 9 | 10-12 || total
---------------------------+-------+-------+-------+-------++-------
  Melee: Long sword        |    84 |   131 |   319 |   351 ||   885
         Headbutt          |     9 |    19 |    61 |    78 ||   167
  Throw: Javelin           |       |     3 |       |       ||     3
 Invoke: Draw Destruction  |       |     3 |    10 |       ||    13
         Triple Draw       |       |       |     1 |       ||     1
         Draw Summoning    |       |       |     1 |       ||     1
         Draw Escape       |       |       |       |     2 ||     2
  Evoke: Wand              |       |       |       |     8 ||     8
    Use: Scroll            |       |     4 |    10 |     1 ||    15
         Potion            |       |     1 |       |     2 ||     3
 Armour: Scale mail        |    64 |    77 |       |       ||   141
         Chain mail        |       |    48 |   317 |   318 ||   683
  Dodge: Dodged            |    26 |    37 |   111 |   108 ||   282
  Block: Buckler           |    19 |    24 |    83 |    45 ||   171
         Kite shield       |       |       |       |   111 ||   111

Table legend: (Time is in decaauts)
 A = Elapsed time spent in this place.
 B = Non-inter-level travel time spent in this place.
 C = Inter-level travel time spent in this place.
 D = Time resting spent in this place.
 E = Time spent auto-exploring this place.
 F = Levels seen in this place.
 G = Mean time per level.
                   A        B        C        D        E       F      G
               +--------+--------+--------+--------+--------+-----+--------+
         Total |  11419 |  10719 |    700 |    750 |   8196 |  10 | 1141.9 |
       Dungeon |  11419 |  10719 |    700 |    750 |   8196 |  10 | 1141.9 |
               +--------+--------+--------+--------+--------+-----+--------+

Top non-repeatable levels by time:
     D:8: 1674 daAuts
     D:7: 1452 daAuts
     D:5: 1427 daAuts
     D:4: 1383 daAuts
     D:6: 1283 daAuts
     D:9: 1211 daAuts
     D:1: 1114 daAuts
     D:2: 951 daAuts
     D:3: 691 daAuts
    D:10: 228 daAuts
